 Dungeon Crawl Stone Soup version 0.24.0-2-g5b39cebb1c (webtiles) character file.

Game seed: 16410932532947217314, levelgen mode: deterministic

45 roguesci the Ruffian (level 3, 0/32 HPs)
             Began as a Naga Transmuter on Oct 31, 2019.
             Slain by an adder (1 damage)
             ... on level 2 of the Dungeon.
             The game lasted 00:03:53 (2007 turns).

roguesci the Ruffian (Naga Transmuter)              Turns: 2007, Time: 00:04:00

Health: 0/32       AC:  2    Str: 12    XL:     3   Next: 64%
Magic:  0/6        EV: 10    Int: 12    God:
Gold:   36         SH:  0    Dex: 11    Spells: 2/6 levels left

rFire    . . .     SeeInvis +   c - +0 short sword
rCold    . . .     Gourm    .   (no shield)
rNeg     . . .     Faith    .   b - +0 robe
rPois    +         Spirit   .   (no helmet)
rElec    .         Reflect  .   (no cloak)
rCorr    .         Harm     .   (no gloves)
MR       .....     Clarity  +   (no barding)
Stlth    ++........             (no amulet)
HPRegen  0.10/turn              (no ring)
MPRegen  0.10/turn              (no ring)

@: lethally poisoned (0 -> -3), appendage (expiring), very slightly
contaminated, very slow
A: large, horns 2, see invisible, clarity, deformed body, dopey 1, high mp 1,
poison resistance, slowness 2, slow metabolism 1, spit poison 1, AC +1
a: Spit Poison, End Transformation


You were on level 2 of the Dungeon.
You were not hungry.
You had grown temporary horns.
You visited 1 branch of the dungeon, and saw 2 of its levels.

You collected 36 gold pieces.

Inventory:

Hand Weapons
 c - a +0 short sword (weapon)
Missiles
 a - 12 arrows
 h - 58 stones (quivered)
Armour
 b - a +0 robe (worn)
Jewellery
 f - a +3 amulet of reflection {unknown}
 g - a cursed amulet of inaccuracy {unknown}
Scrolls
 e - a scroll of identify {unknown}
 i - a scroll of enchant armour {unknown}
 k - a scroll of remove curse {unknown}
Potions
 j - a potion of mutation
Comestibles
 d - 2 rations
 l - 4 chunks of flesh


   Skills:
 * Level 2.0 Fighting
 + Level 1.8 Dodging
 + Level 1.5 Stealth
 - Level 3.0 Unarmed Combat
 + Level 2.2 Spellcasting
 * Level 2.6 Transmutations
 + Level 0.7 Poison Magic


You had 2 spell levels left.
You knew the following spells:

 Your Spells              Type           Power        Failure   Level  Hunger
a - Beastly Appendage     Tmut           #.....       9%          1    ##.....
b - Spider Form           Tmut/Pois      #.........   36%         3    ####...

Your spell library contained the following spells:

 Spells                   Type           Power        Failure   Level  Hunger
 Sticks to Snakes         Tmut           #.......     14%         2    ###....
 Ice Form                 Ice/Tmut       #.......     83%         4    #####..
 Blade Hands              Tmut           #.........   94%         5    ######.


Dungeon Overview and Level Annotations

Branches:
Dungeon (2/15)

Altars:


Innate Abilities, Weirdness & Mutations

You cannot wear boots.
Your serpentine skin is tough. (AC +1)
You have supernaturally acute eyesight. (SInv)
Armour fits poorly on your strangely shaped body.
Your system is resistant to poisons. (rPois)
You cover ground very slowly.
You have a slow metabolism.
You can spit poison.
You have a pair of horns on your head.
You possess an exceptional clarity of mind.
You are dopey. (Int -2)
You have an increased reservoir of magic. (+10% MP)


Message History

Confirm with . or Enter, or press ? or * to list all spells.
You miscast Spider Form.
You are very lightly contaminated with residual magic.
Nothing appears to happen.
The adder barely misses you.
Unknown command.
Casting: Spider Form (safe; 34% risk of failure)
Confirm with . or Enter, or press ? or * to list all spells.
You miscast Spider Form.
Waves of light ripple over your body. The adder bites you.
* * * LOW HITPOINT WARNING * * *
You are poisoned.
The adder poisons you!
It was a potion of mutation.
You feel extremely strange.
You feel stupid.
You feel more energetic.
Your thoughts seem clearer.
You feel sick. The adder bites you.
* * * LOW HITPOINT WARNING * * *
The adder bites you.
* * * LOW HITPOINT WARNING * * *
The adder bites you.
You die...

#### # ###.#..
.# .#.#..#
#.##..#....
#.#.......
#.#...#.#
.####..<....# #
......S@....#.#
..)....S.......
[?..###........
### #...##...
#..## #.#
#.###..##....
#...........#
....###..##.###
## #..##.#


You could see 2 adders.

Vanquished Creatures
  An adder (D:2)
  An ooze (D:1)
  2 leopard geckos (D:2)
  2 giant cockroaches (D:2)
  3 goblins (D:1)
  6 hobgoblins
  5 kobolds
  3 bats (D:1)
  A frilled lizard (D:1)
  3 rats (D:1)
27 creatures vanquished.

Notes
Turn   | Place    | Note
-------+----------+-------------------------------------------
     0 | D:1      | roguesci the Naga Transmuter began the quest for the Orb.
     0 | D:1      | Reached XP level 1. HP: 18/18 MP: 3/3
    69 | D:1      | Reached XP level 2. HP: 21/25 MP: 3/5
   582 | D:1      | Reached skill level 1 in Stealth
  1674 | D:2      | Reached XP level 3. HP: 26/32 MP: 4/6
  1751 | D:2      | Learned a level 3 spell: Spider Form
  2007 | D:2      | Gained mutation: You are dopey. (Int -2) [potion of
                  | mutation]
  2007 | D:2      | Gained mutation: You have an increased reservoir of magic.
                  | (+10% MP) [potion of mutation]
  2007 | D:2      | Gained mutation: You possess an exceptional clarity of
                  | mind. [potion of mutation]
  2007 | D:2      | HP: 1/32 [adder (2)]
  2007 | D:2      | Slain by an adder

Levels and vault maps discovered:
D:1:      matt_arrival_grand_opening, layout_basic
D:2:      layout_loops_ring, nicolae_ru_path_of_blood

Skill      XL: |  1  2  3 |
---------------+----------+-----
Stealth        | 1 |  1.5
Fighting       | 2 |  2.0
Dodging        | |  1.8
Unarmed Combat | |  3.0
Spellcasting   | |  2.2
Transmutations | |  2.6
Poison Magic   | |  0.7

Action                   || total
-------------------------++-------
Melee: Unarmed           ||    12
       Short sword       ||    83
       Headbutt          ||     6
 Cast: Beastly Appendage ||    13
 Abil: Spit Poison       ||     5
  Use: Potion            ||     1
  Eat: Chunk             ||     3
Armor: Robe              ||    16
Dodge: Dodged            ||    72
